 Dungeon Crawl Stone Soup version 0.28.0-45-g0d030f2227 (webtiles) character file.

Game seed: 7182291660981497526

2250 Bruhh the Charlatan (level 9, -2/59 (71) HPs)
             Began as a Red Draconian Ice Elementalist on Apr 17, 2022.
             Was a Believer of Vehumet.
             Slain by a wight
             ... wielding a +3 spear
              (3 damage)
             ... on level 7 of the Dungeon.
             The game lasted 00:21:04 (6011 turns).

Bruhh the Charlatan (DrIE)                          Turns: 6011, Time: 00:21:04

HP:   -2/59 (71)    AC: 11    Str: 10    XL:     9   Next: 15%
MP:   17/18         EV: 12    Int: 20    God:    Vehumet [**....]
Gold: 291           SH:  0    Dex: 12    Spells: 13/20 levels left

rFire   . . .      SeeInvis .   a - +2 hand axe (drain)
rCold   + . .      Faith    .   (no shield)
rNeg    . . .      Spirit   .   (armour unavailable)
rPois   .          Reflect  .   (helmet restricted)
rElec   .          Harm     .   (no cloak)
rCorr   .          Rampage  .   (no gloves)
Will    .....                   (no boots)
Stlth   ++........              p - amulet of regeneration
HPRegen 0.99/turn               r - ring of ice
MPRegen 0.16/turn               n - +4 ring of protection

@: heavily drained
A: breathe fire, AC +7, unfitting armour, fire resistance 1, cold-blooded
a: Breathe Fire, Renounce Religion


You were on level 7 of the Dungeon.
You worshipped Vehumet.
Vehumet was pleased with you.
You visited 2 branches of the dungeon, and saw 8 of its levels.

You collected 291 gold pieces.

Inventory:

Hand Weapons
 a - a +2 hand axe of draining (weapon)
 B - a +4 flail of holy wrath
Missiles
 d - 35 poisoned darts
Jewellery
 f - a ring of see invisible
 h - an amulet of guardian spirit
 n - a +4 ring of protection (right hand)
 o - a ring of willpower
 p - an amulet of regeneration (around neck)
 r - a ring of ice (left hand)
Scrolls
 b - 4 scrolls of magic mapping {unknown}
 e - 2 scrolls of teleportation {unknown}
 j - 2 scrolls of noise {unknown}
 q - 5 scrolls of identify {unknown}
 t - 6 scrolls of fog {unknown}
 u - 2 scrolls of blinking {unknown}
 v - a scroll of immolation {unknown}
 w - a scroll of silence {unknown}
 C - 2 scrolls of fear {unknown}
 D - a scroll of enchant armour {unknown}
Potions
 c - a potion of brilliance {unknown}
 g - a potion of invisibility {unknown}
 i - 4 potions of curing {unknown}
 k - 2 potions of haste {unknown}
 l - a potion of magic {unknown}
 m - a potion of might {unknown}
 s - a potion of lignification {unknown}
 x - 4 potions of attraction {unknown}
 z - a potion of cancellation {unknown}
 A - a potion of ambrosia {unknown}
 E - a potion of degeneration {unknown}
 F - a potion of heal wounds {unknown}
Miscellaneous
 y - a box of beasts


   Skills:
 - Level 3.7 Fighting
 - Level 1.7 Dodging
 - Level 1.7 Stealth
 - Level 6.0 Spellcasting
 - Level 6.0 Ice Magic
 * Level 7.7 Evocations


You had 13 spell levels left.
You knew the following spells:

 Your Spells              Type           Power      Damage    Failure   Level
a - Freeze                Ice            100%       1d11      1%          1
b - Frozen Ramparts       Ice            90%        1d11      2%          3
c - Ozocubu's Armour      Ice            45%        N/A       2%          3

Your spell library contained the following spells:

 Spells                   Type           Power      Damage    Failure   Level
 Static Discharge         Conj/Air       6%         N/A       16%         2
 Animate Skeleton         Necr           12%        N/A       11%         1
 Apportation              Tloc           12%        N/A       11%         1
 Summon Small Mammal      Summ           24%        N/A       11%         1
 Sublimation of Blood     Necr           6%         N/A       16%         2
 Wereblood                Tmut           6%         N/A       16%         2
 Hailstorm                Conj/Ice       27%        3d7       30%         4
 Summon Hydra             Summ           3%         N/A       100%        7


Dungeon Overview and Level Annotations

Branches:
Dungeon (7/15)             Temple (1/1) D:4

Altars:
Ashenzari
Dithmenos
Elyvilon
Fedhas
Hepliaklqana
Kikubaaqudgha
Nemelex Xobeh
Okawaru
Ru
Sif Muna
Trog
Vehumet
Yredelemnul
Zin

Shops:
D:3 =


Innate Abilities, Weirdness & Mutations

You can breathe blasts of fire.
Your fiery red scales are hard. (AC +7)
You cannot fit into any form of body armour.
Your flesh is heat resistant. (rF+)
You are cold-blooded and may be slowed by cold attacks.


Message History

You tail-slap the wight, but do no damage.
The wight is moderately damaged.
The wight hits you with a +3 spear.
You closely miss the wight.
The wight is moderately damaged.
The wight closely misses you.
You hit the wight but do no damage.
The wight is moderately damaged.
The wight hits you with a +3 spear. The wight hits you with a +3 spear!
* * * LOW HITPOINT WARNING * * *
You hit the wight but do no damage.
The wight is moderately damaged.
The wight hits you but does no damage.
You hit the wight but do no damage.
The wight is moderately damaged.
The wight hits you but does no damage.
You hit the wight. You tail-slap the wight.
You punch the wight, but do no damage.
The wight is severely damaged.
The wight completely misses you. The wight closely misses you.
You hit the wight but do no damage.
The wight is severely damaged.
The wight hits you with a +3 spear!
* * * LOW HITPOINT WARNING * * *
You feel drained.
* * * LOW HITPOINT WARNING * * *
You hit the wight but do no damage.
The wight is severely damaged.
The wight hits you with a +3 spear.
* * * LOW HITPOINT WARNING * * *
You feel drained.
You hit the wight.
The wight is severely damaged.
The wight hits you but does no damage.
You hit the wight but do no damage.
The wight is severely damaged.
The wight closely misses you. The wight hits you with a +3 spear!
* * * LOW HITPOINT WARNING * * *
You feel drained.
You die...

........... ....
..........# ...#
.........## #...#
.##......# ...##
####....## ####....### #
.....#####.........# #
#....................
###.....................
.#.....#....###.@.......
......##.....###)z......
.....# ##....# ##.......
.....# ##...# #.....#
....## #...## #....#
#....## ##)..# #..##
#.....### #..†# .##
#.####..####..# # #.#
###...##.#


You could see a wight.

Vanquished Creatures
  Edmund (D:5)
  A black bear (D:5)
  A necrophage (D:6)
  An ice beast (D:5)
  An ogre (D:4)
  A phantom (D:6)
  A bullfrog (D:4)
  A scorpion (D:5)
  A water moccasin zombie (D:5)
  A wyvern skeleton (D:6)
  7 killer bees
  2 wights (D:7)
  A bullfrog zombie (D:6)
  2 hounds
  A centaur zombie (D:5)
  4 orc priests
  A bullfrog skeleton (D:6)
  3 jellies (D:5)
  2 centaur skeletons (D:5)
  A gnoll shaman (D:6)
  7 iguanas
  2 orc wizards
  A scorpion zombie (D:5)
  3 hound skeletons (D:5)
  Robin (D:4)
  10 gnolls
  2 howler monkey zombies
  9 adders
  An adder zombie (D:5)
  An adder skeleton (D:5)
  5 worms
  8 dart slugs
  11 orcs
  5 bats
  5 endoplasms
  A giant cockroach (D:2)
  14 hobgoblins
  4 jackals (D:3)
  A quokka (D:5)
  3 ball pythons
  5 frilled lizards
  9 goblins
  6 kobolds
  6 rats
154 creatures vanquished.

Vanquished Creatures (others)
  A plant (D:1)
1 creature vanquished.

Grand Total: 155 creatures vanquished

Notes
Turn   | Place    | Note
-------+----------+-------------------------------------------
     0 | D:1      | Bruhh the Draconian Ice Elementalist began the quest for
                  | the Orb.
     0 | D:1      | Reached XP level 1. HP: 14/14 MP: 3/3
   488 | D:1      | Reached XP level 2. HP: 20/20 MP: 5/5
   626 | D:1      | Found a faded altar of an unknown god.
  1075 | D:2      | Reached XP level 3. HP: 16/26 MP: 7/7
  1964 | D:3      | Reached XP level 4. HP: 27/33 MP: 10/10
  2297 | D:3      | Found Larimni's Jewellery Boutique.
  3187 | D:4      | Noticed Robin
  3199 | D:4      | Reached XP level 5. HP: 26/38 MP: 12/12
  3201 | D:4      | Killed Robin
  3203 | D:4      | Reached skill level 5 in Spellcasting
  3285 | D:4      | Learned a level 3 spell: Frozen Ramparts
  3344 | D:4      | Found a staircase to the Ecumenical Temple.
  3360 | Temple   | Entered the Ecumenical Temple
  3374 | Temple   | Became a worshipper of Vehumet
  3412 | D:4      | Noticed an ogre
  3419 | D:4      | Killed an ogre
  3420 | D:4      | Reached skill level 5 in Ice Magic
  3420 | D:4      | Reached XP level 6. HP: 21/45 MP: 7/13
  3666 | D:4      | Learned a level 3 spell: Ozocubu's Armour
  3709 | D:4      | Noticed a moth of wrath
  3712 | D:4      | Found a bloodstained altar of Trog.
  4150 | D:5      | Entered Level 5 of the Dungeon
  4208 | D:5      | Noticed an ice beast
  4220 | D:5      | Killed an ice beast
  4225 | D:5      | Your scales start taking on a fiery red colour.
  4225 | D:5      | Reached XP level 7. HP: 42/50 MP: 13/15
  4225 | D:5      | Gained mutation: Your flesh is heat resistant. (rF+) [Red
                  | Draconian growth]
  4259 | D:5      | Reached skill level 5 in Ice Magic
  4279 | D:5      | Reached * piety under Vehumet
  4279 | D:5      | Offered knowledge of Foxfire by Vehumet.
  4485 | D:5      | Reached skill level 1 in Fighting
  4549 | D:5      | Reached XP level 8. HP: 63/63 MP: 12/17
  4732 | D:5      | Reached skill level 1 in Evocations
  4757 | D:5      | Reached skill level 2 in Evocations
  4788 | D:5      | Reached skill level 3 in Evocations
  4941 | D:5      | Noticed Edmund
  4964 | D:5      | Killed Edmund
  4965 | D:5      | Reached skill level 4 in Evocations
  5116 | D:6      | Reached skill level 5 in Evocations
  5180 | D:6      | Offered knowledge of Static Discharge by Vehumet.
  5314 | D:6      | Found a shimmering blue altar of Sif Muna.
  5404 | D:6      | Found an iron altar of Okawaru.
  5453 | D:6      | Found a blossoming altar of Fedhas.
  5476 | D:6      | Reached ** piety under Vehumet
  5528 | D:6      | Reached skill level 6 in Evocations
  5915 | D:7      | Reached skill level 7 in Evocations
  5915 | D:7      | Reached XP level 9. HP: 63/71 MP: 11/18
  6011 | D:7      | HP: 1/61 [wight/+3 spear (8)]
  6011 | D:7      | Slain by a wight

Illustrated notes

Levels and vault maps discovered:
D:1:      minmay_arrival_wavy_path, layout_basic,
          chequers_ecumenical_altar_lobes
D:2:      layout_basic
D:3:      layout_loops_corners, serial_shops, shop, minmay_misc_feat_ornament,
          grunt_ministairs_4
D:4:      layout_basic, tgw_trog, minmay_temple_entry_proselytizer,
          cheibrodos_sewer_entry_bend, serial_park_tiny_2, uniq_robin
D:5:      kennysheep_windowed_halls, layout_rooms, minmay_misc_feat_hallway,
          supply_closet_lemuel, uniq_edmund
D:6:      layout_loops_cross, okawaru_trees_1, fedhas_altar_2, led_sif_pool
D:7:      layout_layer_cave, nzn_wu_jian_contemplation, grunt_qazlal_clouds,
          minmay_ruffians
Temple:   cyrus_circular_temple

Skill      XL: |  1  2  3  4  5  6  7  8 |
---------------+-------------------------+-----
Spellcasting   | 3 4 5 6 |  6.0
Ice Magic      | 5 4 6 |  6.0
Fighting       | 3 |  3.7
Evocations     | 7 |  7.7
Dodging        | |  1.7
Stealth        | |  1.7

Action                   |  1- 3 |  4- 6 |  7- 9 || total
-------------------------+-------+-------+-------++-------
Melee: Hand axe          |    65 |    94 |   292 ||   451
       Tailslap          |     8 |     8 |    40 ||    56
       Punch             |     1 |       |     7 ||     8
Throw: Dart              |       |     8 |       ||     8
 Cast: Freeze            |    16 |    14 |    32 ||    62
       Frozen Ramparts   |       |     1 |     5 ||     6
       Ozocubu's Armour  |       |       |     3 ||     3
 Stab: Sleeping          |     7 |     1 |     5 ||    13
Armor: Skin              |    32 |    46 |   211 ||   289
Dodge: Dodged            |    48 |    71 |   266 ||   385
